[Event "30th NATO Chess-ch 2019"]
[Site "Berlin"]
[Date "2019.09.17"]
[Round "3.8"]
[White "Kende, Gyorgy"]
[Black "Pavlidou, Ekaterini"]
[Result "1/2-1/2"]
[ECO "E29"]
[WhiteElo "2036"]
[BlackElo "2178"]
[Annotator "ChessBase"]
[PlyCount "57"]
[EventDate "2019.09.16"]
[EventType "swiss"]
[EventCountry "GER"]
[SourceTitle "playchess.com"]
[Source "ChessBase"]
[SourceQuality "1"]
[TimeControl "40/7200:1800"]

1. d4 Nf6 2. c4 e6 3. Nc3 Bb4 4. a3 Bxc3+ 5. bxc3 c5 6. e3 Nc6 7. Bd3 b6 8. Ne2 O-O 9. O-O Ba6 10. e4 Ne8 11. Ng3 f6 12. f4 Qe7 13. e5 Na5 14. d5 fxe5 15. Qh5 e4 16. Nxe4 g6 17. Qe2 exd5 18. cxd5 c4 19. Bc2 Nd6 20. Qf3 Nxe4 21. Bxe4 Rae8 22. Bb1 Bb7 23. f5 Qc5+ 24. Kh1 Bxd5 25. Qd1 Qc6 26. Ra2 Nb3 27. Bh6 Rf7 28. fxg6 hxg6 29. Re2 1/2-1/2

[Event "30th NATO Chess-ch 2019"]
[Site "Berlin"]
[Date "2019.09.17"]
[Round "3.9"]
[White "Nikomanis, Andreas"]
[Black "Sypien, Mateusz"]
[Result "1/2-1/2"]
[ECO "B70"]
[WhiteElo "2053"]
[BlackElo "2243"]
[Annotator "NA"]
[PlyCount "44"]
[EventDate "2019.09.16"]
[EventType "swiss"]
[EventCountry "GER"]
[SourceTitle "playchess.com"]
[Source "ChessBase"]
[SourceQuality "1"]
[TimeControl "40/7200:1800"]

1. e4 c5 2. Nf3 Nc6 3. Nc3 g6 4. d4 cxd4 5. Nxd4 Bg7 6. Nb3 Nf6 7. Be2 O-O 8. Bg5 d6 9. O-O a6 10. f4 Be6 11. Kh1 Qc8 12. Bf3 Re8 13. Nd5 Nd7 14. c3 Rb8 15. Qe1 h6 16. Bh4 Nc5 17. Rd1 b5 18. Nxc5 dxc5 19. Qe3 c4 20. Rd2 Bg4 21. Rfd1 Bxf3 22. Qxf3 Kf8 1/2-1/2

[Event "30th NATO Chess-ch 2019"]
[Site "Berlin"]
[Date "2019.09.17"]
[Round "3.10"]
[White "Randall, Gordon"]
[Black "Lakos, Nikoletta"]
[Result "1/2-1/2"]
[ECO "B07"]
[WhiteElo "1975"]
[BlackElo "2226"]
[Annotator "NA"]
[PlyCount "50"]
[EventDate "2019.09.16"]
[EventType "swiss"]
[EventCountry "GER"]
[SourceTitle "playchess.com"]
[Source "ChessBase"]
[SourceQuality "1"]
[TimeControl "40/7200:1800"]

1. d4 d6 2. e4 Nf6 3. f3 c6 4. c4 e5 5. Be3 Be7 6. Nc3 O-O 7. d5 Ne8 8. Qd2 a6 9. O-O-O c5 10. Kb1 Qa5 11. Bd3 b5 12. cxb5 axb5 13. Bxb5 Nc7 14. Bd3 Ba6 15. Nge2 Nd7 16. Nc1 Rfb8 17. Rhf1 Rb7 18. Rf2 Rab8 19. Qe1 Bxd3+ 20. Nxd3 c4 21. Nc1 Qa3 22. Nb3 Qa6 23. Nc1 Qa3 24. Nb3 Qa6 25. Nc1 Qa3 1/2-1/2

[Event "30th NATO Chess-ch 2019"]
[Site "Berlin"]
[Date "2019.09.17"]
[Round "3.11"]
[White "Pietruszewski, Marcin"]
[Black "Kraft, Chip"]
[Result "1-0"]
[ECO "B36"]
[WhiteElo "2215"]
[BlackElo "2050"]
[Annotator "ChessBase"]
[PlyCount "123"]
[EventDate "2019.09.16"]
[EventType "swiss"]
[EventCountry "GER"]
[SourceTitle "playchess.com"]
[Source "ChessBase"]
[SourceQuality "1"]
[TimeControl "40/7200:1800"]

1. e4 c5 2. Nf3 g6 3. d4 cxd4 4. Nxd4 Nc6 5. c4 Nf6 6. Nc3 d6 7. Be2 Nxd4 8. Qxd4 Bg7 9. Be3 O-O 10. Qd2 Be6 11. Rc1 Qa5 12. f3 Rfc8 13. b3 a6 14. a4 Nd7 15. Nd5 Qxd2+ 16. Kxd2 Bxd5 17. exd5 a5 18. Bd3 Nc5 19. Bc2 b6 20. Rce1 Re8 21. Re2 e6 22. dxe6 fxe6 23. Rd1 Rad8 24. Kc1 Kf7 25. Red2 Bf8 26. Bf4 e5 27. Be3 Be7 28. Kb2 Ke6 29. Kc3 Kd7 30. Be4 Kc7 31. Bd5 Bf6 32. Kc2 Rf8 33. Rb1 Na6 34. Be4 Be7 35. Kd1 Nc5 36. Bd5 Rh8 37. b4 axb4 38. Rxb4 Rb8 39. Ra2 Rhf8 40. Ke2 g5 41. Rb5 Rfc8 42. h3 h6 43. Ra3 Bf8 44. Bd2 Nb7 45. Be3 Nc5 46. Kf2 Kd7 47. Kg3 Ke7 48. h4 gxh4+ 49. Kxh4 Kf6 50. Kh5 Bg7 51. g4 Bf8 52. g5+ hxg5 53. Bxg5+ Kg7 54. a5 bxa5 55. Raxa5 Rxb5 56. cxb5 Rc7 57. b6 Rd7 58. Ra8 Be7 59. Bh6+ Kf6 60. Bg5+ Kf5 61. Bxe7 Rxe7 62. Rf8+ {[%emt 0:00:59] Kg5 --- Rd7 Ra8 --- Ra7 Bxg5 Kxg5 Kf8 Ra8+ Kg7 Kh5 --- Bc6 --- Bg5 --- Bd5 --- Rxd6 Rxd6 Bf4 --- Bc1 --- cxa6 Ra8} 1-0

[Event "30th NATO Chess-ch 2019"]
[Site "Berlin"]
[Date "2019.09.17"]
[Round "3.12"]
[White "Sarnovska, Eira"]
[Black "Sycz, Dariusz"]
[Result "0-1"]
[ECO "D02"]
[WhiteElo "1669"]
[BlackElo "2215"]
[Annotator "NA"]
[PlyCount "90"]
[EventDate "2019.09.16"]
[EventType "swiss"]
[EventCountry "GER"]
[SourceTitle "playchess.com"]
[Source "ChessBase"]
[SourceQuality "1"]
[TimeControl "40/7200:1800"]

1. d4 d5 2. Nf3 Nf6 3. g3 e6 4. Bg2 Bd6 5. O-O O-O 6. b3 b6 7. Bb2 Bb7 8. c4 Nbd7 9. Nbd2 Qe7 10. a3 a5 11. h3 Rfd8 12. Re1 c5 13. Qb1 Rac8 14. e3 Ne4 15. Nxe4 dxe4 16. Ne5 f5 17. f4 exf3 18. Nxf3 Bxg3 19. Re2 Be4 20. Qc1 h6 21. Qc3 e5 22. d5 Bxf3 23. Bxf3 e4 24. Bh1 Be5 25. Qd2 Bxb2 26. Qxb2 Qe5 27. Qxe5 Nxe5 28. Kh2 a4 29. Rb1 Ra8 30. Rc2 axb3 31. Rxb3 Ra4 32. Rbc3 Rda8 33. Kg3 g6 34. Kf4 Nd3+ 35. Kg3 Rxa3 36. Bg2 Kf7 37. Bf1 Nb4 38. Rc1 Kf6 39. Be2 Ke5 40. h4 g5 41. hxg5 hxg5 42. Kf2 Ra2 43. Ke1 Rh8 44. Rd1 Rh1+ 45. Bf1 Nd3+ 0-1

[Event "30th NATO Chess-ch 2019"]
[Site "Berlin"]
[Date "2019.09.17"]
[Round "3.13"]
[White "Werksma, Arie"]
[Black "Marquardt, Christian"]
[Result "1-0"]
[ECO "B12"]
[WhiteElo "2197"]
[BlackElo "2049"]
[Annotator "ChessBase"]
[PlyCount "101"]
[EventDate "2019.09.16"]
[EventType "swiss"]
[EventCountry "GER"]
[SourceTitle "playchess.com"]
[Source "ChessBase"]
[SourceQuality "1"]
[TimeControl "40/7200:1800"]

1. e4 c6 2. d4 d5 3. e5 Bf5 4. c3 e6 5. Be3 Nd7 6. Nd2 Ne7 7. f4 h5 8. Ngf3 Qc7 9. Be2 c5 10. O-O Bg4 11. Bf2 Nc6 12. h3 Bxf3 13. Nxf3 cxd4 14. Nxd4 g6 15. Nb5 Qb8 16. c4 a6 17. cxd5 axb5 18. dxc6 bxc6 19. Bf3 Ra6 20. a4 Be7 21. axb5 Rxa1 22. Qxa1 Qxb5 23. Qa8+ Nb8 24. Bxc6+ Qxc6 25. Qxb8+ Bd8 26. Rd1 Qc7 27. Qb5+ Kf8 28. Bc5+ Kg7 29. Rd7 Qc8 30. b4 Bh4 31. Kh2 Qa8 32. Qd3 Be1 33. Qe2 Bh4 34. g3 Bd8 35. h4 Qc6 36. Rd6 Qa4 37. Ra6 Qd7 38. Ra7 Qc6 39. Qg2 Qb5 40. Qb7 Qe2+ 41. Kg1 Qd1+ 42. Kg2 Qc2+ 43. Bf2 Rf8 44. b5 Qf5 45. Qf3 Qc2 46. Qe3 Re8 47. b6 Be7 48. Rc7 Qb1 49. Qf3 Qd1 50. Qxd1 Bf8 51. Z0 {Nb8 --- Ba2} 1-0

[Event "30th NATO Chess-ch 2019"]
[Site "Berlin"]
[Date "2019.09.17"]
[Round "3.14"]
[White "Everett, Elijah"]
[Black "Aagaard, Gert"]
[Result "1-0"]
[ECO "B01"]
[WhiteElo "2187"]
[BlackElo "2029"]
[Annotator "ChessBase"]
[PlyCount "97"]
[EventDate "2019.09.16"]
[EventType "swiss"]
[EventCountry "GER"]
[SourceTitle "playchess.com"]
[Source "ChessBase"]
[SourceQuality "1"]
[TimeControl "40/7200:1800"]

1. e4 d5 2. exd5 Qxd5 3. Nc3 Qa5 4. d4 Nf6 5. Nf3 Bf5 6. Bc4 c6 7. Bd2 e6 8. Nd5 Qd8 9. Nxf6+ gxf6 10. Bb3 Rg8 11. Qe2 Bd6 12. Nh4 Bg4 13. f3 Bh5 14. O-O-O Qe7 15. Rde1 Bg6 16. g4 Kd8 17. Qf2 Qd7 18. f4 f5 19. gxf5 exf5 20. Nf3 Kc7 21. Ne5 Qd8 22. Nxf7 Bxf7 23. Bxf7 Rf8 24. Be6 Nd7 25. Rhg1 Qf6 26. Rg5 Rae8 27. Rxf5 Rxe6 28. Rxf6 Rexf6 29. Rf1 Rf5 30. c4 Kb8 31. Qe1 Kc8 32. Qe4 Bc7 33. Kc2 Rh5 34. Rf2 Rhf5 35. Rg2 R5f7 36. Rg4 Kb8 37. Qe6 Nb6 38. a4 Rf6 39. Qe2 R6f7 40. a5 Nc8 41. a6 Nd6 42. axb7 Kxb7 43. Rg3 Re8 44. Rb3+ Bb6 45. Qh5 Ref8 46. Bb4 Rf5 47. Qh3 c5 48. dxc5 Nxc4 49. c6+ {[%emt 1:51:22] Kd5} 1-0

[Event "30th NATO Chess-ch 2019"]
[Site "Berlin"]
[Date "2019.09.17"]
[Round "3.15"]
[White "Tommasini, Enzo"]
[Black "Cheung, Jan"]
[Result "1-0"]
[ECO "D34"]
[WhiteElo "2147"]
[BlackElo "2015"]
[Annotator "ChessBase"]
[PlyCount "115"]
[EventDate "2019.09.16"]
[EventType "swiss"]
[EventCountry "GER"]
[SourceTitle "playchess.com"]
[Source "ChessBase"]
[SourceQuality "1"]
[TimeControl "40/7200:1800"]

1. Nf3 Nf6 2. g3 d5 3. Bg2 e6 4. O-O c5 5. d4 cxd4 6. Nxd4 Be7 7. c4 O-O 8. cxd5 exd5 9. Nc3 Nc6 10. a3 Bg4 11. h3 Be6 12. Be3 Qd7 13. Kh2 h5 14. Bg5 Rad8 15. e3 g6 16. Nce2 Bf5 17. Nf4 Be4 18. f3 Bf5 19. Rc1 Rfe8 20. Re1 Nh7 21. Bxe7 Rxe7 22. g4 hxg4 23. hxg4 Be6 24. Ndxe6 fxe6 25. Nxg6 Rg7 26. Nf4 Nf6 27. Kg1 e5 28. Nh3 d4 29. exd4 exd4 30. Qb3+ Qd5 31. Qd3 Qd6 32. Qf5 Ne7 33. Qe6+ Qxe6 34. Rxe6 Nfd5 35. Rd1 Nc6 36. Bf1 Ne3 37. Rd2 Nxf1 38. Kxf1 Na5 39. Re4 Rgd7 40. Rd3 Nc4 41. Re2 Rd6 42. Nf4 Kf7 43. Rh2 Rb6 44. b3 Nxa3 45. g5 Nb5 46. Rh7+ Kg8 47. Re7 Rdd6 48. Nh5 Kf8 49. Rh7 Kg8 50. Rg7+ Kf8 51. f4 Nc3 52. f5 Ne4 53. g6 Nc5 54. Rf7+ Kg8 55. Rg7+ Kf8 56. Rc7 Rbc6 57. Rf7+ Kg8 58. Re7 1-0

[Event "30th NATO Chess-ch 2019"]
[Site "Berlin"]
[Date "2019.09.17"]
[Round "3.16"]
[White "Kersic, Matej"]
[Black "Hater, David"]
[Result "1-0"]
[ECO "C80"]
[WhiteElo "2122"]
[BlackElo "1973"]
[Annotator "NA"]
[PlyCount "85"]
[EventDate "2019.09.16"]
[EventType "swiss"]
[EventCountry "GER"]
[SourceTitle "playchess.com"]
[Source "ChessBase"]
[SourceQuality "1"]
[TimeControl "40/7200:1800"]

1. e4 e5 2. Nf3 Nc6 3. Bb5 a6 4. Ba4 Nf6 5. O-O Nxe4 6. d4 b5 7. Bb3 d5 8. dxe5 Be6 9. Be3 Nc5 10. h3 Nxb3 11. axb3 Be7 12. c3 O-O 13. Nbd2 f6 14. exf6 Bxf6 15. Re1 Re8 16. Nf1 Bf7 17. Qd2 d4 18. Bxd4 Rxe1 19. Rxe1 Nxd4 20. Nxd4 Bxd4 21. cxd4 Bxb3 22. Qc3 Bf7 23. Re5 Qd7 24. Rc5 Ra7 25. b4 h6 26. Ne3 Qe7 27. d5 Qd7 28. Qe5 Bg6 29. Rc6 Kh7 30. Qd4 Ra8 31. Qc5 Rd8 32. Rxc7 Qd6 33. Qc3 Rd7 34. Rc6 Qb8 35. Rxa6 Qb7 36. Qc6 Qxc6 37. Rxc6 Be4 38. Rc5 Bd3 39. f4 Ra7 40. d6 Rd7 41. Rd5 Bc4 42. Rd4 Kg6 43. Ng4 1-0

[Event "30th NATO Chess-ch 2019"]
[Site "Berlin"]
[Date "2019.09.17"]
[Round "3.17"]
[White "Keough, Robert"]
[Black "Violini, Paolo"]
[Result "0-1"]
[ECO "C17"]
[WhiteElo "2108"]
[BlackElo "1963"]
[Annotator "NA"]
[PlyCount "96"]
[EventDate "2019.09.16"]
[EventType "swiss"]
[EventCountry "GER"]
[SourceTitle "playchess.com"]
[Source "ChessBase"]
[SourceQuality "1"]
[TimeControl "40/7200:1800"]

1. e4 e6 2. d4 d5 3. Nc3 Bb4 4. e5 c5 5. Qg4 Ne7 6. dxc5 Bxc3+ 7. bxc3 Ng6 8. Bd3 Nc6 9. Nf3 Qc7 10. O-O Ncxe5 11. Nxe5 Qxe5 12. Bb5+ Bd7 13. Bxd7+ Kxd7 14. Qa4+ Ke7 15. c6 bxc6 16. Ba3+ Kf6 17. Bc5 Qc7 18. f4 Ne7 19. Rf3 h5 20. Bd4+ Kf5 21. Bxg7 Rhg8 22. Rg3 f6 23. Qd4 Qb6 24. Bxf6 Qxd4+ 25. Bxd4 Rxg3 26. hxg3 Kg4 27. Re1 Nf5 28. Rxe6 Kxg3 29. Be5 Rg8 30. Rxc6 h4 31. Rf6 Kg4 32. Ra6 h3 33. Rxa7 Kg3 34. gxh3 Kf3+ 35. Kh1 Rg2 36. Rg7 Nxg7 37. Bxg7 Rxg7 38. f5 Kg3 39. Kg1 Rf7 40. Kf1 Rxf5+ 41. Ke2 Rf4 42. Kd2 Kxh3 43. Kc1 Kg3 44. Kb2 Kf3 45. Kb3 Ke3 46. a4 Rc4 47. a5 Kd2 48. a6 Rc6 0-1

[Event "30th NATO Chess-ch 2019"]
[Site "Berlin"]
[Date "2019.09.17"]
[Round "3.18"]
[White "Onley, David E"]
[Black "Pirs, Matjaz"]
[Result "1-0"]
[ECO "B02"]
[WhiteElo "2103"]
[BlackElo "2203"]
[Annotator "NA"]
[PlyCount "71"]
[EventDate "2019.09.16"]
[EventType "swiss"]
[EventCountry "GER"]
[SourceTitle "playchess.com"]
[Source "ChessBase"]
[SourceQuality "1"]
[TimeControl "40/7200:1800"]

1. e4 d5 2. exd5 Nf6 3. Nc3 Nxd5 4. Bc4 Nb6 5. Bb3 Nc6 6. Nf3 Bf5 7. a4 a5 8. O-O e6 9. h3 Be7 10. d3 O-O 11. Re1 Nb4 12. Ne4 N4d5 13. Ne5 Nd7 14. Ng3 Nxe5 15. Nxf5 Bf6 16. Ne3 c5 17. Ng4 Nxg4 18. Qxg4 g6 19. c3 Qb6 20. Bc4 Bg7 21. Qf3 Rad8 22. Bg5 Rd6 23. Re2 Rc8 24. Rae1 h6 25. Bh4 Rd7 26. Qg4 h5 27. Qf3 Nc7 28. g4 hxg4 29. Qxg4 Re8 30. Bg3 Rde7 31. h4 e5 32. h5 gxh5 33. Qxh5 Ne6 34. Bxe5 Bxe5 35. Rxe5 Ng7 36. Bxf7+ 1-0

[Event "30th NATO Chess-ch 2019"]
[Site "Berlin"]
[Date "2019.09.17"]
[Round "3.19"]
[White "Casteleijn, Diederick"]
[Black "Abbate, Giovanni"]
[Result "1-0"]
[ECO "B06"]
[WhiteElo "2079"]
[BlackElo "1600"]
[Annotator "NA"]
[PlyCount "129"]
[EventDate "2019.09.16"]
[EventType "swiss"]
[EventCountry "GER"]
[SourceTitle "playchess.com"]
[Source "ChessBase"]
[SourceQuality "1"]
[TimeControl "40/7200:1800"]

1. e4 c6 2. Ne2 d6 3. g3 g6 4. Bg2 Bg7 5. O-O Nf6 6. d4 O-O 7. c3 b5 8. h3 Bb7 9. Bg5 h6 10. Be3 Nbd7 11. g4 Qc7 12. Ng3 Nb6 13. Na3 Rad8 14. Qd2 Kh7 15. f4 e6 16. g5 Ng8 17. h4 a6 18. f5 exf5 19. exf5 gxf5 20. Nxf5 hxg5 21. hxg5 Ne7 22. Be4 Ng6 23. Qh2+ Kg8 24. Nxg7 Kxg7 25. Qh6+ Kg8 26. Rf3 Bc8 27. Raf1 Qe7 28. Bxg6 fxg6 29. Qxg6+ Qg7 30. Rxf8+ Rxf8 31. Rxf8+ Kxf8 32. Qxd6+ Qe7 33. Qh6+ Kg8 34. Qg6+ Kf8 35. Qh6+ Kg8 36. Bf2 Qd7 37. Qg6+ Kf8 38. Qf6+ Kg8 39. Qg6+ Kf8 40. Qe4 Qg4+ 41. Qxg4 Bxg4 42. Nc2 Nd5 43. Kg2 Kf7 44. Kg3 Bf5 45. Ne3 Nxe3 46. Bxe3 Kg6 47. Kf4 Bb1 48. a4 bxa4 49. Ke5 Ba2 50. Kd6 Bd5 51. Kc5 Kf5 52. c4 Bf7 53. Kxc6 Bxc4 54. d5 Bb5+ 55. Kc7 Be8 56. Kd8 Bb5 57. Ke7 Ke5 58. d6 Ke4 59. g6 Kd3 60. Z0 Ke4 61. Z0 Kd3 62. Z0 Kxe3 63. g7 Bc4 64. d7 Ba2 {Ra5 Rc3 g8 Nc4} 65. Z0 {f4} 1-0

[Event "30th NATO Chess-ch 2019"]
[Site "Berlin"]
[Date "2019.09.17"]
[Round "3.20"]
[White "Ermalis, Rytis"]
[Black "Pedersen, Finn"]
[Result "0-1"]
[ECO "D10"]
[WhiteElo "1960"]
[BlackElo "2305"]
[Annotator "NA"]
[PlyCount "68"]
[EventDate "2019.09.16"]
[EventType "swiss"]
[EventCountry "GER"]
[SourceTitle "playchess.com"]
[Source "ChessBase"]
[SourceQuality "1"]
[TimeControl "40/7200:1800"]

1. c4 c6 2. d4 d5 3. cxd5 cxd5 4. Bg5 h6 5. Bh4 Qb6 6. Qd2 Bf5 7. Nc3 e6 8. e3 Nc6 9. Bd3 Bxd3 10. Qxd3 Nge7 11. Bxe7 Bxe7 12. Nge2 O-O 13. O-O Rfc8 14. Na4 Qa5 15. Qb3 Qa6 16. Nf4 Na5 17. Qd3 Qc4 18. Nc3 Qb4 19. Qe2 Nc4 20. Nd3 Qa5 21. b3 Qxc3 22. bxc4 Qxc4 23. Rfc1 Qa6 24. Qd1 Ba3 25. Rxc8+ Rxc8 26. Ne5 Bb2 27. Qh5 Bxa1 28. Qxf7+ Kh8 29. h4 Qd6 30. h5 Bc3 31. Ng6+ Kh7 32. Ne7 Qd7 33. Qg6+ Kh8 34. Nxc8 Qxc8 0-1

[Event "30th NATO Chess-ch 2019"]
[Site "Berlin"]
[Date "2019.09.17"]
[Round "3.22"]
[White "Wantiez, Fabrice"]
[Black "Wang, Eigen"]
[Result "1-0"]
[ECO "B18"]
[WhiteElo "2225"]
[BlackElo "2193"]
[Annotator "NA"]
[PlyCount "111"]
[EventDate "2019.09.16"]
[EventType "swiss"]
[EventCountry "GER"]
[SourceTitle "playchess.com"]
[Source "ChessBase"]
[SourceQuality "1"]
[TimeControl "40/7200:1800"]

1. e4 c6 2. d4 d5 3. Nc3 dxe4 4. Nxe4 Bf5 5. Nc5 Qc7 6. Nf3 e6 7. Bd3 Bxc5 8. Bxf5 Bb4+ 9. c3 exf5 10. cxb4 Qe7+ 11. Kf1 Nd7 12. Bg5 f6 13. Qb3 Qf7 14. Re1+ Ne7 15. d5 O-O 16. dxc6 Qxb3 17. axb3 Nxc6 18. Bd2 Rfe8 19. b5 Nce5 20. Nd4 g6 21. g3 Nc5 22. f3 Ned3 23. Rb1 Rad8 24. Bc3 Re3 25. Kg2 Rde8 26. Rhd1 Ne6 27. Kg1 Kf7 28. Ra1 Nxd4 29. Bxd4 Re1+ 30. Rxe1 Rxe1+ 31. Rxe1 Nxe1 32. Kf2 Nd3+ 33. Ke3 Nc1 34. Bxa7 Nxb3 35. Kd3 Ke6 36. Kc3 Nc1 37. Be3 Ne2+ 38. Kd3 f4 39. gxf4 Nxf4+ 40. Bxf4 Kd5 41. b4 g5 42. Bc7 h6 43. Bb8 f5 44. Bc7 f4 45. Bd8 Ke5 46. Kc4 g4 47. fxg4 f3 48. Bh4 Ke4 49. Bf2 Kf4 50. h3 Ke4 51. Kc5 Kd3 52. Kb6 Kc4 53. Bc5 f2 54. Bxf2 Kxb4 55. Bc5+ Kc4 56. Bf8 1-0

[Event "30th NATO Chess-ch 2019"]
[Site "Berlin"]
[Date "2019.09.17"]
[Round "3.23"]
[White "Valeinis, Janis"]
[Black "Middaugh, Jon S"]
[Result "1-0"]
[ECO "D00"]
[WhiteElo "2206"]
[BlackElo "1918"]
[Annotator "ChessBase"]
[PlyCount "149"]
[EventDate "2019.09.16"]
[EventType "swiss"]
[EventCountry "GER"]
[SourceTitle "playchess.com"]
[Source "ChessBase"]
[SourceQuality "1"]
[TimeControl "40/7200:1800"]

1. d4 Nf6 2. Nc3 d5 3. Bf4 e6 4. e3 Bd6 5. Nf3 O-O 6. Bd3 Bxf4 7. exf4 c5 8. dxc5 Qc7 9. Qd2 Na6 10. Nb5 Qxc5 11. c3 Bd7 12. Nbd4 Qc7 13. Ne5 Nc5 14. Bc2 Nfe4 15. Qe3 Nd6 16. O-O Ba4 17. b4 Bxc2 18. bxc5 Nf5 19. Qd2 Ba4 20. Nxf5 exf5 21. Qxd5 Rfd8 22. Qc4 Be8 23. Rfd1 Rac8 24. Rd4 Kf8 25. Qb4 a5 26. Qa3 f6 27. c6+ Kg8 28. Qb3+ Kh8 29. cxb7 Rb8 30. Rxd8 Rxd8 31. Nf3 Bf7 32. Qb5 Bc4 33. Qxf5 Bxa2 34. h3 Bd5 35. Nh4 Qxb7 36. Rxa5 Be4 37. Qc5 Qb8 38. Qe3 Re8 39. Qg3 Qb1+ 40. Kh2 Bc2 41. Ra7 g6 42. Nf3 Qb6 43. Ra1 Qc7 44. Re1 Rc8 45. Nd4 Ba4 46. Re3 Re8 47. h4 Rxe3 48. Qxe3 Qd6 49. Kg1 Bd7 50. Qe4 Kg7 51. f3 Kf7 52. g4 Qc5 53. Qe3 Qa7 54. Kf2 Qc7 55. g5 Qd6 56. Kg3 Bc8 57. Nb5 Qe7 58. Qd2 Kf8 59. Nd6 Bd7 60. Ne4 fxg5 61. fxg5 Qe5+ 62. Qf4+ Qxf4+ 63. Kxf4 Bc6 64. Ke5 Ke7 65. f4 Bb7 66. Nf6 Ba6 67. Nxh7 Bd3 68. Nf6 Bb1 69. c4 Bd3 70. c5 Be2 71. f5 Bd3 72. fxg6 Bxg6 73. h5 Bf7 74. g6 Z0 75. Ke4 1-0

[Event "30th NATO Chess-ch 2019"]
[Site "Berlin"]
[Date "2019.09.17"]
[Round "3.24"]
[White "De Cat, Ben"]
[Black "Andersen, Hans-Christoph"]
[Result "0-1"]
[ECO "A80"]
[WhiteElo "1891"]
[BlackElo "2201"]
[Annotator "NA"]
[PlyCount "55"]
[EventDate "2019.09.16"]
[EventType "swiss"]
[EventCountry "GER"]
[SourceTitle "playchess.com"]
[Source "ChessBase"]
[SourceQuality "1"]
[TimeControl "40/7200:1800"]

1. d4 f5 2. g4 d5 3. g5 c5 4. Bg2 Nc6 5. dxc5 e6 6. c4 d4 7. f4 Bxc5 8. a3 a5 9. Nh3 h6 10. e4 dxe3 11. Qxd8+ Kxd8 12. Bxc6 bxc6 13. Nc3 Ba6 14. b3 Rb8 15. Bb2 Rxb3 16. Na4 Bf8 17. O-O-O+ Ke8 18. Rd4 c5 19. Rdd1 e2 20. Rde1 Rxh3 21. Rxe2 Bxc4 22. Rd2 hxg5 23. Rhd1 Be7 24. Nb6 Bb3 25. Re1 Rxh2 26. Rd3 Rh1 27. Rxh1 Rxh1+ 28. Kd2 0-1

[Event "30th NATO Chess-ch 2019"]
[Site "Berlin"]
[Date "2019.09.17"]
[Round "3.25"]
[White "Wagenaar, Harm Theo"]
[Black "Tocco, Paolo"]
[Result "1/2-1/2"]
[ECO "A10"]
[WhiteElo "1879"]
[BlackElo "2089"]
[Annotator "NA"]
[PlyCount "63"]
[EventDate "2019.09.16"]
[EventType "swiss"]
[EventCountry "GER"]
[SourceTitle "playchess.com"]
[Source "ChessBase"]
[SourceQuality "1"]
[TimeControl "40/7200:1800"]

1. c4 b6 2. Nc3 Bb7 3. e4 e6 4. d3 Bb4 5. Bd2 Ne7 6. a3 Bxc3 7. Bxc3 O-O 8. Qg4 f6 9. Ne2 e5 10. Ng3 d6 11. Be2 Nbc6 12. O-O Bc8 13. Qf3 Ng6 14. Nf5 Nce7 15. g3 Rb8 16. Nxe7+ Qxe7 17. Qe3 Bh3 18. Rfe1 f5 19. exf5 Bxf5 20. d4 Rbe8 21. dxe5 Nxe5 22. f4 Ng6 23. Qxe7 Rxe7 24. Bf3 Rfe8 25. Rxe7 Rxe7 26. Bd4 Bd3 27. Rc1 c5 28. Bf2 Be4 29. Be2 d5 30. cxd5 Bxd5 31. Bb5 Rc7 32. Rd1 1/2-1/2

[Event "30th NATO Chess-ch 2019"]
[Site "Berlin"]
[Date "2019.09.17"]
[Round "3.26"]
[White "Mestek, Igor"]
[Black "Kocur, Marc"]
[Result "1-0"]
[ECO "B11"]
[WhiteElo "2087"]
[BlackElo "1878"]
[Annotator "NA"]
[PlyCount "71"]
[EventDate "2019.09.16"]
[EventType "swiss"]
[EventCountry "GER"]
[SourceTitle "playchess.com"]
[Source "ChessBase"]
[SourceQuality "1"]
[TimeControl "40/7200:1800"]

1. e4 c6 2. Nf3 d5 3. Nc3 dxe4 4. Nxe4 Nd7 5. Bc4 Ngf6 6. Qe2 Nxe4 7. Qxe4 Nf6 8. Ne5 e6 9. Qe2 Be7 10. c3 Bd7 11. O-O b5 12. Bb3 c5 13. a4 bxa4 14. Bxa4 Qc7 15. d3 Bxa4 16. Rxa4 Nd5 17. c4 Nb6 18. Ra2 O-O 19. Bf4 Bd6 20. Bg3 Nd7 21. Nf3 Bxg3 22. hxg3 Rfd8 23. Rfa1 Qb7 24. Ra5 Rdb8 25. R1a2 Qc7 26. Ra6 Qb7 27. Ng5 Nf6 28. Nf3 Qc8 29. Ne5 Rb6 30. R6a5 h6 31. Qf3 Rab8 32. Rxa7 Rxb2 33. Rxb2 Rxb2 34. Nxf7 Rb1+ 35. Kh2 Kh7 36. Qxf6 1-0

[Event "30th NATO Chess-ch 2019"]
[Site "Berlin"]
[Date "2019.09.17"]
[Round "3.27"]
[White "Glibert, Stephane"]
[Black "Sauer, Marko"]
[Result "1/2-1/2"]
[ECO "B42"]
[WhiteElo "1865"]
[BlackElo "2081"]
[Annotator "NA"]
[PlyCount "127"]
[EventDate "2019.09.16"]
[EventType "swiss"]
[EventCountry "GER"]
[SourceTitle "playchess.com"]
[Source "ChessBase"]
[SourceQuality "1"]
[TimeControl "40/7200:1800"]

1. e4 c5 2. Nf3 e6 3. d4 cxd4 4. Nxd4 Nf6 5. Bd3 a6 6. O-O Qc7 7. Be3 b5 8. Nd2 Bb7 9. Qe2 d6 10. c3 Nbd7 11. N4b3 Nc5 12. Nxc5 dxc5 13. a4 c4 14. Bc2 Bc5 15. axb5 axb5 16. Bxc5 Qxc5 17. e5 Nd7 18. Rxa8+ Bxa8 19. Re1 O-O 20. Be4 Bxe4 21. Qxe4 Rc8 22. Nf3 h6 23. Ra1 Nb6 24. Qd4 Na4 25. Ra2 Qc7 26. Qe3 Qd7 27. Nd4 Rb8 28. f4 b4 29. Qd2 bxc3 30. bxc3 Rd8 31. Kf2 Nc5 32. Qe2 Nd3+ 33. Ke3 Qb7 34. Qd1 Nc5 35. Qf3 Qb1 36. Rd2 Qc1 37. Ke2 Nd3 38. Rxd3 cxd3+ 39. Kxd3 Rc8 40. Ne2 Qd1+ 41. Ke3 Rd8 42. Kf2 Qc2 43. Qc6 Rd2 44. Qc4 g6 45. h3 h5 46. g3 Rd3 47. h4 Rd1 48. Qc6 Qd2 49. Qc4 Rh1 50. Qe4 Rh2+ 51. Kf3 Qd1 52. Qc4 Qf1+ 53. Ke3 Qf2+ 54. Kd2 Qxg3 55. Qd4 Qxh4 56. c4 Qg4 57. Qe3 h4 58. c5 Qg2 59. Qd3 h3 60. Qd8+ Kh7 61. Qh4+ Kg7 62. Qf6+ Kf8 63. Qd8+ Kg7 64. Qf6+ 1/2-1/2

[Event "30th NATO Chess-ch 2019"]
[Site "Berlin"]
[Date "2019.09.17"]
[Round "3.28"]
[White "Crapulli, Giuseppe"]
[Black "Hof - Van Run, Rieke"]
[Result "1-0"]
[ECO "C71"]
[WhiteElo "1836"]
[BlackElo "2076"]
[Annotator "NA"]
[PlyCount "87"]
[EventDate "2019.09.16"]
[EventType "swiss"]
[EventCountry "GER"]
[SourceTitle "playchess.com"]
[Source "ChessBase"]
[SourceQuality "1"]
[TimeControl "40/7200:1800"]

1. e4 e5 2. Nf3 Nc6 3. Bb5 a6 4. Ba4 d6 5. d4 Bd7 6. d5 Nce7 7. Bxd7+ Qxd7 8. O-O g6 9. c4 Bg7 10. Nc3 Nh6 11. Ne1 f5 12. f3 O-O 13. Nd3 b5 14. cxb5 axb5 15. Bd2 Rfb8 16. a3 Nf7 17. Nb4 Nd8 18. Bg5 Bf8 19. Qd3 c5 20. dxc6 Ndxc6 21. Nxc6 Qxc6 22. Bxe7 Bxe7 23. exf5 g5 24. Qd5+ Qxd5 25. Nxd5 Kf7 26. Rfc1 Bd8 27. Rc6 b4 28. Rxd6 bxa3 29. Rxa3 Rxa3 30. bxa3 Ba5 31. Rd7+ Kg8 32. Nf6+ Kf8 33. Nxh7+ Ke8 34. Nf6+ Kf8 35. Ne4 Rb3 36. Nxg5 Rxa3 37. g4 Ke8 38. Rd6 Ra1+ 39. Kg2 Ra2+ 40. Kh3 Bc7 41. Re6+ Kf8 42. Ne4 Rb2 43. f6 Bb6 44. Nd6 1-0

[Event "30th NATO Chess-ch 2019"]
[Site "Berlin"]
[Date "2019.09.17"]
[Round "3.29"]
[White "Oblak, Nicholas"]
[Black "Christen, Peter"]
[Result "1/2-1/2"]
[ECO "D13"]
[WhiteElo "2048"]
[BlackElo "2153"]
[Annotator "NA"]
[PlyCount "47"]
[EventDate "2019.09.16"]
[EventType "swiss"]
[EventCountry "GER"]
[SourceTitle "playchess.com"]
[Source "ChessBase"]
[SourceQuality "1"]
[TimeControl "40/7200:1800"]

1. Nf3 Nf6 2. c4 c6 3. g3 d5 4. cxd5 cxd5 5. d4 Nc6 6. Bg2 Bf5 7. Nc3 e6 8. O-O Bd6 9. Bd2 Ne4 10. Nb5 Nxd2 11. Nxd6+ Qxd6 12. Qxd2 O-O 13. Nh4 Ne7 14. Nxf5 Nxf5 15. e3 Qd7 16. Rac1 Rac8 17. Rxc8 Rxc8 18. Rc1 Nd6 19. b3 g6 20. Bf1 Rc7 21. Bd3 Qc8 22. Rxc7 Qxc7 23. Qc2 Qd7 24. Kg2 1/2-1/2